[Event "Open NK Rapid 2025"]
[Site "Helmond, Netherlands"]
[Date "2025.05.03"]
[Round "7.24"]
[White "Sosef, Noah"]
[Black "Van Ravensteijn, Antal"]
[Result "0-1"]
[TimeControl "15+5"]
[WhiteFideId "40107060"]
[BlackFideId "1060759"]
[WhiteElo "1835"]
[BlackElo "2048"]

1. e4 d5 2. exd5 Qxd5 3. Nc3 Qd8 4. Nf3 Nf6 5. Bc4 g6 6. O-O Bg7 7. d4 O-O 8. Re1 b6 9. h3 Bb7 10.
Be3 e6 11. Qd2 Bxf3 12. gxf3 Nd5 13. Nxd5 exd5 14. Bf1 Nc6 15. c3 Re8 16. Bg2 Ne7 17. Bg5 f6 18. Bh4 Nf5 19. Bg3 Qd7 20.
Qf4 c6 21. Rad1 Bh6 22. Qc7 Qxc7 23. Bxc7 Kf7 24. Bg3 Rxe1+ 25. Rxe1 Re8 26. Rxe8 Kxe8 27. f4 Nd6 28. Bf1 Ke7 29. Bd3 f5 30. Bh4+ Kd7 31. Bg5 Bf8 32. f3 Ne8 33. Kf2 Bd6 34. h4 Ng7 35. Ke3 Ke6 36. Bc2 Nh5 37. Bd3 Bf8 38. Ba6 Kd7 39. Bb7 Kc7 40. Ba8 h6 41. Bd8+ Kxd8 42. Bxc6 Nf6 0-1

[Event "Open NK Rapid 2025"]
[Site "Helmond, Netherlands"]
[Date "2025.05.03"]
[Round "7.25"]
[White "Thodam, Malte"]
[Black "Ponomarev, Ivan"]
[Result "1-0"]
[TimeControl "15+5"]
[WhiteFideId "24687120"]
[BlackFideId "34411003"]
[WhiteElo "2044"]
[BlackElo "1857"]

1. e4 c5 2. Nc3 Nc6 3. Bb5 d6 4. f4 Nf6 5. Nf3 Bd7 6. O-O g6 7. d3 Bg7 8. Qe1 a6 9. Bxc6 Bxc6 10.
Qh4 O-O 11. f5 b5 12. Bh6 b4 13. Ne2 c4 14. Kh1 cxd3 15. cxd3 Bb5 16. Nf4 Rc8 17. Ng5 Qd7 18. Rf2 Rc6 19.
Nd5 Rfc8 20. Bxg7 Kxg7 21. Nxf6 exf6 22. Qxh7+ Kf8 23. fxg6 Rc1+ 24. Rf1 Rxa1 25. g7+ Ke7 26. Rxa1 fxg5 27. g8=Q Rxg8 28. Qxg8 Qg4 29. Rf1 Be8 30. Qg7 Kd7 31. Qd4 Qe2 32. Kg1 Ke7 33. Qf6+ Kd7 34. Qf5+ Kc7 35. Rc1+ Kb7 36.
Qc8+ Kb6 37. Qc7+ Kb5 38. Qc4+ Ka5 39. a3 bxa3 40. bxa3 Bb5 41. Qc7+ Ka4 42. Qc3 Qe3+ 43. Kh1 Qxd3 44.
Qb4# 1-0

[Event "Open NK Rapid 2025"]
[Site "Helmond, Netherlands"]
[Date "2025.05.03"]
[Round "8.1"]
[White "Peng, Li Min"]
[Black "Warmerdam, Max"]
[Result "1/2-1/2"]
[TimeControl "15+5"]
[WhiteFideId "14112620"]
[BlackFideId "1048104"]
[WhiteElo "2510"]
[BlackElo "2517"]

1. Nf3 Nf6 2. c4 e6 3. Nc3 d5 4. e3 b6 5. b3 Bb7 6. Bb2 Nbd7 7. Be2 a6 8. O-O Bd6 9. cxd5 exd5 10.
Nd4 g6 11. Rc1 O-O 12. f4 c5 13. Nc2 Re8 14. Bf3 b5 15. Ne2 1/2-1/2

[Event "Open NK Rapid 2025"]
[Site "Helmond, Netherlands"]
[Date "2025.05.03"]
[Round "8.2"]
[White "Cernov, Vadim"]
[Black "Bok, Benjamin"]
[Result "0-1"]
[TimeControl "15+5"]
[WhiteFideId "1210629"]
[BlackFideId "1017063"]
[WhiteElo "2320"]
[BlackElo "2583"]

1. e4 c5 2. Nf3 d6 3. Bb5+ Nd7 4. d4 cxd4 5. Qxd4 a6 6. Bxd7+ Bxd7 7. Nc3 e5 8. Qd3 Rc8 9. O-O h6 10. Nd2 Qc7 11. a4 Nf6 12.
Rd1 Be7 13. Nf1 O-O 14. Ne3 Be6 15. Bd2 Qc5 16. Be1 Rfd8 17. a5 Qc6 18. Ncd5 Bxd5 19. exd5 Qd7 20. c4 g6 21.
b4 Nh5 22. Bc3 Bg5 23. c5 dxc5 24. Nc4 Nf4 25. Qf1 cxb4 26. Bxe5 Qf5 27. Bxf4 Bxf4 28. Nb6 Rc2 29. Qd3 Qxd3 30.
Rxd3 Bc7 31. g3 Rc5 32. Rb1 Rxa5 33.
Rxb4 Rb5 0-1

[Event "Open NK Rapid 2025"]
[Site "Helmond, Netherlands"]
[Date "2025.05.03"]
[Round "8.3"]
[White "Beerdsen, Thomas"]
[Black "Van Roon, Sjoerd"]
[Result "1-0"]
[TimeControl "15+5"]
[WhiteFideId "1030108"]
[BlackFideId "1051075"]
[WhiteElo "2485"]
[BlackElo "2179"]

1. e4 c5 2. Nf3 Nc6 3. Bb5 g6 4. O-O Bg7 5. c3 Nf6 6. Re1 O-O 7. h3 d6 8. d4 cxd4 9. cxd4 a6 10.
Bf1 b5 11. Nc3 Bb7 12. Bg5 h6 13. Bh4 Rc8 14. Rc1 Re8 15. e5 dxe5 16. dxe5 Nh5 17. e6 f5 18. Nd5 Bxb2 19. Rxc6 Bxc6 20.
Nxe7+ Rxe7 21. Qxd8+ Rxd8 22. Bxe7 Re8 23. Bc5 Nf4 24. e7 Bxf3 25. gxf3 Kf7 26. a4 Ne6 27. Bb4 Nd4 28. Rb1 Nxf3+ 29. Kg2 Nh4+ 30. Kg3 Bf6 31. axb5 g5 32. bxa6 Be5+ 33.
f4 gxf4+ 34. Kf2 Bd4+ 35. Ke2 Ng6 36.
Rd1 Bb6 37. Kf3 Nxe7 38. Bc4+ Kf8 39. Rd6 Be3 40. Rg6 1-0

[Event "Open NK Rapid 2025"]
[Site "Helmond, Netherlands"]
[Date "2025.05.03"]
[Round "8.4"]
[White "Sydykov, Bayastan"]
[Black "Dgebuadze, Alexandre"]
[Result "1-0"]
[TimeControl "15+5"]
[WhiteFideId "13829610"]
[BlackFideId "203882"]
[WhiteElo "2297"]
[BlackElo "2454"]

1. e4 e6 2. d4 d5 3.
Nc3 Bb4 4. e5 c5 5. Bd2 Ne7 6. a3 Bxc3 7. Bxc3 cxd4 8. Bxd4 Nbc6 9. Nf3 Nf5 10. Bc3 d4 11. Bd2 Qc7 12. Qe2 Bd7 13. Qe4 Nce7 14. Nxd4 Nxd4 15. Qxd4 Rc8 16.
c4 Nf5 17. Qc3 b5 18. Rc1 O-O 19. c5 Qb7 20. f3 Bc6 21. Bd3 Rfd8 22. Bg5 Rd7 23. O-O h6 24. Bf4 Nd4 25. b4 Rcd8 26. Rcd1 Nf5 27. Qc2 Nh4 28.
Qe2 a6 29. Bb1 Ng6 30. Bg3 Bd5 31. Rfe1 Ne7 32. Qc2 Nf5 33. Bf2 Qc6 34. Qe2 Ne7 35. Bd3 Bb3 36. Rd2 Bc4 37. Red1 Bxd3 38.
Rxd3 Rxd3 39. Rxd3 Rxd3 40. Qxd3 Nd5 41. Qe4 g6 42. Be3 Kg7 43.
Bd2 Qd7 44. Qh4 Qe7 45. Bxh6+ Kg8 46. Bg5 Qd7 47. Qh6 Nc3 48. h4 Qd4+ 49. Be3 Qxe5 50. Kf1 Qd5 51. Bd2 Qd3+ 52. Kg1 Ne2+ 53.
Kh2 Nd4 54. Bf4 Qe2 55. Kh1 Qe1+ 56. Kh2 Qf2 57. Kh3 Ne2 58. Bh2 e5 59. Qg5 e4 60. fxe4 Qd4 61. Qg4 Qd3+ 62. Qf3 Qc4 63.
h5 Nd4 64. Qf6 Qd3+ 65. g3 Qxe4 66. h6 Nf5 67. h7+ Kxh7 68. Qxf7+ Ng7 69. Qf6 Nh5 70. Qg5 Kg7 71. Qd2 Qf5+ 72. Kg2 Qe4+ 73. Kg1 Qb1+ 74. Kf2 Nf6 75. Qd4 Kf7 76. g4 Qc2+ 77.
Kg1 Qb1+ 78. Kg2 Qc2+ 79. Kh3 g5 80. Be5 Qh7+ 81. Kg2 Qc2+ 82. Kf3 Qb3+ 83. Ke2 Nd5 84. Qe4 Qa2+ 85. Kf1 Ne7 86.
Qf3+ Ke8 87. Bf6 Nd5 88. Bxg5 Qb1+ 89. Kf2 1-0

[Event "Open NK Rapid 2025"]
[Site "Helmond, Netherlands"]
[Date "2025.05.03"]
[Round "8.5"]
[White "Beeke, Bob"]
[Black "Roebers, Eline"]
[Result "0-1"]
[TimeControl "15+5"]
[WhiteFideId "1011634"]
[BlackFideId "1058401"]
[WhiteElo "2217"]
[BlackElo "2390"]

1. d4 f5 2. c4 Nf6 3. Nc3 d6 4. g3 g6 5. Bg2 Bg7 6. Nh3 e6 7. O-O Nc6 8.
e3 Qe7 9. b3 O-O 10. Bb2 Nd8 11. Re1 Nf7 12. e4 fxe4 13. Nxe4 Nxe4 14. Rxe4 a5 15. Nf4 Bd7 16. Qe2 Rae8 17.
Re1 Nd8 18. Nd5 Qg5 19. Nxc7 Re7 20. h4 Qh5 21. Qxh5 gxh5 22. R4e2 e5 23. dxe5 Bg4 24. Nd5 Ref7 25. Rd2 dxe5 26. Bxe5 Re8 27. f4 Nc6 28. Ne3 Bxe5 29.
Nxg4 Bd4+ 30. Kh2 Rxe1 31. Nh6+ Kg7 32. Nxf7 Bg1+ 33. Kh3 Kxf7 34. Rd7+ Kf6 35. Rxh7 Nd4 36. Rxh5 Re3 37. Bxb7 Bf2 38. Kg2 Bxg3 39.
Rxa5 Bxf4 40. Ra6+ Kf5 41. c5 Re2+ 42. Kf1 Rc2 43. b4 Bg3 44. Ra8 Rf2+ 45. Ke1 Rb2+ 46. Kf1 Rxb4 47. c6 Rb2 48.
Re8 Rf2+ 49. Ke1 Re2+ 50. Rxe2 0-1

[Event "Open NK Rapid 2025"]
[Site "Helmond, Netherlands"]
[Date "2025.05.03"]
[Round "8.6"]
[White "Fridman, Daniel"]
[Black "Labruyere, Roger"]
[Result "1-0"]
[TimeControl "15+5"]
[WhiteFideId "11600454"]
[BlackFideId "1059505"]
[WhiteElo "2539"]
[BlackElo "2117"]

1. Nf3 d5 2. g3 Nf6 3. Bg2 e6 4. d4 Be7 5. c4 O-O 6. Qc2 dxc4 7. Qxc4 b6 8. Bf4 Nd5 9. Nc3 Ba6 10.
Qb3 Nxf4 11. gxf4 Bb7 12. Rd1 Nd7 13. Qc2 Qc8 14. O-O c5 15. d5 Nf6 16. d6 Bd8 17. e4 Nd7 18. e5 f6 19.
Ne4 fxe5 20. fxe5 Rf5 21. Rd2 Nxe5 22. Nxe5 Rxe5 23. f4 Rd5 24. Ng5 Rxg5 25. fxg5 Bxg5 26. Rd3 Rb8 27. d7 Qd8 28. Bxb7 Rxb7 29.
Qg2 Rb8 30. Qc6 h6 31. Qxe6+ Kh8 32. Re1 Qc7 33. Qf7 Bf6 34. Re8+ Kh7 35. Rxb8 Qxb8 36. Qxf6 1-0

[Event "Open NK Rapid 2025"]
[Site "Helmond, Netherlands"]
[Date "2025.05.03"]
[Round "8.7"]
[White "Cernov, Henrik"]
[Black "Kurt, Sascha"]
[Result "1/2-1/2"]
[TimeControl "15+5"]
[WhiteFideId "16258312"]
[BlackFideId "1082647"]
[WhiteElo "2291"]
[BlackElo "1953"]

1. e4 c5 2. Nf3 d6 3. Bc4 e6 4. Nc3 Nf6 5. d4 cxd4 6.
Qxd4 Nc6 7. Qd3 Be7 8. Bf4 O-O 9. O-O-O e5 10. Bg5 Ng4 11.
Bxe7 Qxe7 12. Rd2 Be6 13. Bxe6 Qxe6 14. Nd5 Rac8 15. h3 Nh6 16. g4 Kh8 17. Rhd1 Ng8 18. Kb1 f6 19. Qa3 b5 20.
Ne3 b4 21. Qb3 Qxb3 22. axb3 Nge7 23. Rxd6 Rfd8 24. Nc4 Kg8 25. g5 Kf7 26. Nh2 Nd4 27. gxf6 gxf6 28. Ng4 Ng8 29. Ncxe5+ fxe5 30. Nxe5+ Ke7 31. R6xd4 Rxd4 32. Rxd4 a5 33. Nd3 Nf6 34. e5 Nd7 35.
Rh4 Ke6 36. Rxh7 Rf8 37. f4 Rf5 38. h4 Nf8 39. Rh6+ Kd5 40. Ra6 Ke4 41. Rxa5 Ne6 42. Rb5 Ke3 43. Rxb4 Rh5 44. Rb6 Nd4 45. c3 Nf5 46. Nb4 Rxh4 47. Rf6 Kxf4 48. e6 Ke5 49.
Rg6 Ne7 50. Rg2 Kxe6 51. Kc2 Kd6 52. Rd2+ Kc5 53. Nd3+ Kb6 54. Re2 Nc6 55. b4 Rh3 56. Kd2 Rg3 57. b3 Rh3 58. c4 Nd4 59.
Re4 Rh2+ 60. Ke3 Nxb3 61. Re6+ Kc7 62. Nf2 Rh4 63.
Re4 Rh2 64. Rg4 Kc6 65. Rg6+ Kc7 66.
Rg1 Rh4 67. Rd1 Rxc4 68. Nd3 Nd4 69. Rh1 Nc6 70. b5 Na5 71. Rh6 Nb7 72. b6+ Kc8 73. Rh8+ Nd8 74. b7+ Kxb7 75. Rxd8 Rh4 76. Rd5 Kc6 77. Rf5 Kd6 78.
Nf4 Rh1 79. Rd5+ Kc6 80. Rg5 Rd1 81.
Nd3 Ra1 82. Kd4 Ra4+ 83. Kc3 Rh4 84.
Rf5 Kb6 85. Nb2 Rh3+ 86. Kb4 Rh4+ 87. Nc4+ Kc6 88. Kc3 Rh3+ 89.
Kd4 Rh4+ 90. Kd3 Rh3+ 91. Ne3 Rh4 92. Ng2 Ra4 93. Nf4 Ra3+ 94. Ke4 Ra4+ 95. Ke3 Ra3+ 96. Nd3 Ra4 97. Rh5 Kd6 98. Rh6+ Ke7 99. Nf4 Ra3+ 100. Ke4 Ra4+ 101. Ke5 Kd7 102. Rd6+ Kc7 103. Ne6+ Kb8 104. Nc5 Ra5 105. Kd5 Ra1 106. Kc6 Rc1 107.
Rd2 Ka7 108. Rb2 Rc3 109. Ra2+ Kb8 110. Kb6 Rh3 111. Nd7+ Kc8 112. Ra8+ Kxd7 1/2-1/2

[Event "Open NK Rapid 2025"]
[Site "Helmond, Netherlands"]
[Date "2025.05.03"]
[Round "8.8"]
[White "Landman, Renzo"]
[Black "Stolwijk, Colin"]
[Result "0-1"]
[TimeControl "15+5"]
[WhiteFideId "40106306"]
[BlackFideId "1033743"]
[WhiteElo "1975"]
[BlackElo "2286"]

1. e4 c6 2. d4 d5 3. Nc3 dxe4 4. Nxe4 Nf6 5. Nxf6+ exf6 6. c3 Bd6 7. Bd3 O-O 8. Qc2 Re8+ 9.
Ne2 h5 10. O-O h4 11. h3 Nd7 12. Be3 Nf8 13. Rae1 Bc7 14. Qd2 Ng6 15. Bxg6 fxg6 16. Bf4 Be6 17. Bxc7 Qxc7 18. Nf4 Bc4 19.
Rxe8+ Rxe8 20. Nd3 Bxa2 21. Ra1 Bc4 22. Re1 Rxe1+ 23. Nxe1 Qe7 24. Nf3 g5 25. Qc2 Bd5 26. Qf5 Qe6 27.
Qg6 a5 28. Kh2 b5 29. Kg1 b4 30. cxb4 axb4 31. Kh2 b3 32. Qd3 g4 33. Nxh4 gxh3 34. Qxh3 Kf7 35. Qxe6+ Kxe6 36. Kg3 Be4 37. f3 Bc2 38.
f4 Kd5 39. Nf3 Bd1 40. Nh4 Kxd4 41. Nf5+ Kd3 42. Nxg7 Kc2 43. Nf5 Kxb2 44. Ne3 Be2 45. Kf2 Kc1 46. Kxe2 b2 0-1

[Event "Open NK Rapid 2025"]
[Site "Helmond, Netherlands"]
[Date "2025.05.03"]
[Round "8.9"]
[White "Smeets, Kobe"]
[Black "Vasylchenko, Maksym"]
[Result "1-0"]
[TimeControl "15+5"]
[WhiteFideId "1063910"]
[BlackFideId "34150617"]
[WhiteElo "2192"]
[BlackElo "1853"]

1. e4 c5 2. Nf3 d6 3. d4 cxd4 4. Nxd4 Nf6 5. Nc3 g6 6. Be3 Bg7 7. f3 O-O 8. Qd2 Nc6 9. g4 Nxd4 10.
Bxd4 Bxg4 11. fxg4 Nxg4 12. Bxg7 Kxg7 13. O-O-O Rc8 14. h4 h5 15. Be2 Qa5 16. Bxg4 hxg4 17. Rhg1 e5 18. Rxg4 Rxc3 19. Qxc3 Qxa2 20. Qa3 Qc4 21. Qxd6 Rc8 22.
Qxe5+ Kh7 23. Rg2 Qa4 24. Rd5 Qa6 25. Kd2 Qf1 26. Qh5+ Kg7 27. Rxg6+ fxg6 28. Rd7+ Kf6 29. Qg5+ Ke6 30.
Qe7# 1-0

[Event "Open NK Rapid 2025"]
[Site "Helmond, Netherlands"]
[Date "2025.05.03"]
[Round "8.10"]
[White "Schneider, Ilja"]
[Black "Grooten, Tommy"]
[Result "1/2-1/2"]
[TimeControl "15+5"]
[WhiteFideId "4663306"]
[BlackFideId "1068806"]
[WhiteElo "2438"]
[BlackElo "2027"]

1. e4 c5 2. Nc3 d6 3.
d4 cxd4 4. Qxd4 Nc6 5. Qd2 g6 6. b3 Bg7 7. Bb2 Nf6 8. O-O-O O-O 9. f3 h5 10. Kb1 Bd7 11. Nge2 a6 12. h3 h4 13. Nd5 Nh5 14.
Bxg7 Kxg7 15. Qg5 e6 16. Qxd8 Rfxd8 17. Nb6 Rab8 18. Rxd6 Be8 19. Rxd8 Rxd8 20. Kc1 g5 21. Rg1 Ne5 22.
Nc3 Rd6 23. Nc4 Nxc4 24. Bxc4 b5 25. Bd3 Nf4 26. Kd2 Kf6 27. e5+ Kxe5 28. Re1+ Kd4 29. Re4+ Kc5 30. Re5+ Kb4 31. Rxg5 Ka3 32. Ne4 Rd8 33. Rg8 Ra8 34. Bf1 f5 35. Nc5 Kxa2 36.
Nxa6 Rxa6 37. Rxe8 Kb2 38. Ke3 Nd5+ 39. Kd4 Kxc2 40. Bxb5 Ra1 41. Rxe6 Nf4 42. Rc6+ Kd2 43. Ke5 Nxg2 44. Kxf5 Ke3 45. Kg4 Ra7 46. Re6+ Kf2 47. Be8 Rg7+ 48.
Bg6 Rb7 49. f4 Rxb3 50. f5 Rg3+ 51.
Kh5 Nf4+ 52. Kh6 Nxe6 53. fxe6 Rxh3 54. e7 Re3 55. e8=Q Rxe8 56. Bxe8 1/2-1/2

[Event "Open NK Rapid 2025"]
[Site "Helmond, Netherlands"]
[Date "2025.05.03"]
[Round "8.11"]
[White "Kuipers-Haast, Anne"]
[Black "Thodam, Malte"]
[Result "1-0"]
[TimeControl "15+5"]
[WhiteFideId "1017292"]
[BlackFideId "24687120"]
[WhiteElo "2272"]
[BlackElo "2044"]

1. e4 e5 2. Nf3 Nc6 3. Bb5 a6 4. Ba4 Nf6 5. d3 d6 6. c3 Bd7 7. O-O g6 8. h3 Bg7 9. Re1 O-O 10. Bg5 h6 11. Be3 Qe8 12.
Bb3 Kh7 13. a4 Nh5 14. d4 Rd8 15. Na3 Nf4 16. Nc4 f6 17. Bxf4 exf4 18. Bc2 Kh8 19. Bd3 Qf7 20. Qc2 Rde8 21.
b3 Kh7 22. Re2 Ne7 23. Rae1 f5 24. e5 Nc8 25. h4 Kh8 26. Qd2 b5 27. axb5 axb5 28. Na5 Nb6 29. c4 bxc4 30. Nxc4 Nd5 31. exd6 Rxe2 32. Rxe2 c6 33.
Nfe5 Bxe5 34. Nxe5 Qg7 35. Bc4 Re8 36.
Bxd5 cxd5 37. Nxd7 Rxe2 38. Qxe2 Qxd7 39. Qe5+ Kg8 40. Qxd5+ Kg7 41. Qe5+ Kf7 42. Qxf4 Qe6 43. Qe5 Qd7 44. b4 Qd8 45. g3 Qd7 46.
b5 Qe6 47. b6 Ke8 1-0

[Event "Open NK Rapid 2025"]
[Site "Helmond, Netherlands"]
[Date "2025.05.03"]
[Round "8.12"]
[White "Aarts, Joaquin"]
[Black "Grochal, Joey"]
[Result "1-0"]
[TimeControl "15+5"]
[WhiteFideId "1078224"]
[BlackFideId "1019945"]
[WhiteElo "2027"]
[BlackElo "2261"]

1. d4 d5 2. c4 c6 3.
cxd5 cxd5 4. Nc3 Nc6 5. Bf4 Bf5 6. e3 e6 7. Nf3 Bb4 8. Rc1 h6 9. Ne5 Nge7 10. Bb5 Qb6 11.
Qa4 Bxc3+ 12. Rxc3 Rc8 13. O-O a6 14. Bxc6+ Nxc6 15. Rfc1 O-O 16. Nd7 Qxb2 17. Nxf8 Rxf8 18. Qb3 Qxb3 19.
Rxb3 Na5 20. Rb6 Bd3 21. Bd6 Rd8 22. Bb4 Nc6 23. Rxb7 Nxb4 24. Rxb4 Bc4 25. a4 Kh7 26. h3 Kg6 27. f3 f6 28. Rb6 Re8 29. Kf2 e5 30. dxe5 Rxe5 31. Rd6 h5 32. Rd1 Kf7 33. Rd7+ Kg6 34.
Rd4 f5 35. Rh4 Re6 36. g4 hxg4 37. hxg4 f4 38. exf4 Re2+ 39. Kg3 Ra2 40. f5+ Kf6 41. Rh7 g5 42. Rhe7 d4 43. Re4 Rc2 44.
Rdxd4 Bf1 45. f4 gxf4+ 46. Kxf4 Rf2+ 47. Ke3 Re2+ 48. Kf3 Ra2 49. Rd6+ Kg5 50. Rg6+ Kh4 51. Kf4 Rf2+ 52. Ke5 Bg2 53.
Rd4 Re2+ 54. Kf6 Be4 55. Kg7 Re3 56. f6 1-0

[Event "Open NK Rapid 2025"]
[Site "Helmond, Netherlands"]
[Date "2025.05.03"]
[Round "8.13"]
[White "Vogel, Jaap"]
[Black "Hilwerda, Jonas"]
[Result "1/2-1/2"]
[TimeControl "15+5"]
[WhiteFideId "1000764"]
[BlackFideId "1046713"]
[WhiteElo "2006"]
[BlackElo "2233"]

1. d4 Nf6 2. Nf3 g6 3. g3 Bg7 4. Bg2 O-O 5. O-O d6 6. c4 Bd7 7. Nc3 Re8 8. e4 e5 9. d5 a5 10. h3 Na6 11.
Be3 Nc5 12. Ne1 Rf8 13. Kh2 Ne8 14. f4 exf4 15. gxf4 b6 16. Bd4 Qh4 17. Bxg7 Nxg7 18. Nd3 Nh5 19. Nxc5 Qg3+ 20. Kg1 Bxh3 21.
Qf3 Qxg2+ 22. Qxg2 Bxg2 23. Kxg2 bxc5 24. Nb5 Rfc8 25. e5 Ra6 26. Rae1 Ng7 27. e6 f5 28. Re3 Kf8 29. Rh1 Nh5 30. Rxh5 gxh5 31. Rh3 Kg7 32.
Rxh5 Kg6 33. Rg5+ Kf6 34. Rh5 Rg8+ 35. Kf3 Rg7 36. Rh6+ Ke7 37. Nxc7 Rb6 38.
b3 Rb8 39. Nb5 Rbg8 40. Na7 Rg3+ 41. Kf2 Rg2+ 42. Kf1 Rg1+ 43.
Kf2 R1g2+ 44. Kf1 Rg1+ 1/2-1/2

[Event "Open NK Rapid 2025"]
[Site "Helmond, Netherlands"]
[Date "2025.05.03"]
[Round "8.14"]
[White "Fransen, Jean-Paul"]
[Black "Van Batenburg, Mees"]
[Result "0-1"]
[TimeControl "15+5"]
[WhiteFideId "40101487"]
[BlackFideId "1078259"]
[WhiteElo "1964"]
[BlackElo "2217"]

1. e4 e6 2. d4 d5 3. e5 c5 4. c3 Nc6 5. Nf3 Bd7 6. Bd3 Nge7 7. h4 cxd4 8. cxd4 Nf5 9. Bxf5 exf5 10. Nc3 Be6 11. O-O h6 12.
a3 Be7 13. h5 O-O 14. b4 Rc8 15. Bb2 f4 16. Qd2 Bg4 17. b5 Na5 18. Qxf4 Bxh5 19. Ne2 Rc2 20. Nc3 Rxb2 21. Qc1 Rb3 22. Nd2 Qd7 23. Qc2 Bg6 24. Qc1 Rc8 25. Nxb3 Nxb3 26. Qb2 Nxa1 27.
Qxa1 Bd3 28. Rc1 Bxb5 29. Nxb5 Rxc1+ 30. Qxc1 Qxb5 31. Qc8+ Bf8 32. e6 fxe6 33. Qxe6+ Kh8 34. Qf7 Qb1+ 35.
Kh2 Bd6+ 36. g3 Qc2 37. Kh3 Qe4 38. f3 Qxd4 39. f4 Qe4 40. f5 Qe3 0-1

[Event "Open NK Rapid 2025"]
[Site "Helmond, Netherlands"]
[Date "2025.05.03"]
[Round "8.15"]
[White "Kazarjan, Gachatur"]
[Black "Klein, Ron"]
[Result "1-0"]
[TimeControl "15+5"]
[WhiteFideId "1068750"]
[BlackFideId "1014668"]
[WhiteElo "2155"]
[BlackElo "2014"]

1. e4 d5 2. exd5 Qxd5 3. Nc3 Qa5 4. d4 Bf5 5. Bc4 e6 6. Bd2 c6 7. Nf3 Nf6 8. Qe2 Bb4 9. O-O Bg4 10.
h3 Bxf3 11. Qxf3 O-O 12. a3 Bxc3 13. Bxc3 Qc7 14. Rad1 Nbd7 15. Rfe1 Nb6 16. Bb3 Nbd5 17. Bd2 a5 18. c4 Nb6 19.
Bg5 Nbd7 20. d5 exd5 21. cxd5 Rfe8 22. d6 Qb6 23. Re7 Rxe7 24. dxe7 h6 25. Bh4 g5 26. Rxd7 1-0

[Event "Open NK Rapid 2025"]
[Site "Helmond, Netherlands"]
[Date "2025.05.03"]
[Round "8.16"]
[White "Wolff, Christoph"]
[Black "Chua, Ethan"]
[Result "0-1"]
[TimeControl "15+5"]
[WhiteFideId "4648706"]
[BlackFideId "1089250"]
[WhiteElo "1941"]
[BlackElo "2069"]

1. e4 c5 2. Nf3 Nc6 3. Nc3 e5 4. Bc4 Be7 5. O-O d6 6.
Nd5 Nf6 7. Re1 O-O 8. Nxe7+ Nxe7 9. a4 Be6 10. d3 h6 11. c3 Qd7 12. Qb3 Bxc4 13. dxc4 Qc6 14. Qc2 Ng6 15. g3 a5 16.
Bd2 Rfe8 17. b3 Rad8 18. Rad1 Nf8 19. Nh4 Kh8 20. Nf5 Ng6 21. Qd3 Ne7 22. Qf3 Nxf5 23. Qxf5 Re6 24. h4 Qc7 25.
g4 Qe7 26. g5 Nh7 27. Kg2 Nf8 28. Rh1 h5 29. Qf3 g6 30. Qd3 Kg8 31. Be3 Qc7 32. Qd5 Nd7 33. Rh3 Nb6 34. Qd3 Re7 35.
Rf3 Re6 36. Rf6 Rxf6 37. gxf6 Nd7 38. Bg5 Nf8 39. Qd5 Ne6 40. Bc1 Qd7 41. Rd3 b6 42. Rg3 Re8 43. Bh6 Kh7 44. Qd2 Qd8 45.
Bg5 Qa8 46. Re3 Nf4+ 47. Bxf4 exf4 48. Rf3 Rxe4 49. Qxd6 Kg8 50. Qxb6 Qc8 51. Kf1 Re6 52. Qxa5 Rxf6 53. Rd3 Qg4 54.
Qd8+ Kg7 55. Rd6 Qh3+ 56. Kg1 Rf5 57. Rd3 f3 58. Qd6 Qg2# 0-1

[Event "Open NK Rapid 2025"]
[Site "Helmond, Netherlands"]
[Date "2025.05.03"]
[Round "8.17"]
[White "Geboers, Jimmy"]
[Black "Blijlevens, Pim"]
[Result "0-1"]
[TimeControl "15+5"]
[WhiteFideId "262919"]
[BlackFideId "1022997"]
[WhiteElo "2065"]
[BlackElo "1969"]

1. d4 e6 2. c4 f5 3. g3 Nf6 4. Bg2 Be7 5. Nc3 O-O 6.
f4 d6 7.
Qc2 a5 8. e4 fxe4 9. Nxe4 Nc6 10. Ne2 e5 11. d5 Nb4 12. Qb1 Bd7 13. fxe5 dxe5 14. Be3 Ng4 15. Bg1 Bf5 16. h3 Nf6 17.
Be3 Nxe4 18. Bxe4 Bxe4 19. Qxe4 Qd7 20. a3 Na6 21. O-O-O Nc5 22. Bxc5 Bxc5 23. g4 Qd6 24. Nc3 Rf4 25.
Qe2 Bd4 26. Nb5 Qh6 27. Kb1 Rf2 28. Qe4 Rxb2+ 29. Ka1 Re2+ 30. Rxd4 Rxe4 31. Rxe4 c6 32. Nc3 Qd2 33. Nb1 Qc2 34. Rhe1 cxd5 35. cxd5 b5 36. R4e2 Qc5 37.
Rd2 b4 38. d6 Rd8 39. Red1 bxa3 40. d7 e4 41. Ka2 e3 42. Rd5 Qc4+ 43. Kxa3 e2 44. Re5 exd1=Q 45. Re8+ Kf7 0-1

[Event "Open NK Rapid 2025"]
[Site "Helmond, Netherlands"]
[Date "2025.05.03"]
[Round "8.18"]
[White "Cayonlu, Arda"]
[Black "Bekkink, Sereyo"]
[Result "0-1"]
[TimeControl "15+5"]
[WhiteFideId "6339786"]
[BlackFideId "1037161"]
[WhiteElo "1885"]
[BlackElo "2064"]

1. e4 e5 2. f4 d5 3. exd5 exf4 4.
Nf3 Nf6 5. c4 c6 6. d4 Bb4+ 7.
Bd2 Qe7+ 8. Be2 cxd5 9. O-O Bxd2 10. Qxd2 Qe3+ 11. Kh1 Ng4 12. Nc3 Be6 13. cxd5 Bd7 14. h3 Nf6 15. Rae1 O-O 16.
Qxe3 fxe3 17. Bc4 b5 18. Bb3 b4 19. Nd1 e2 20. Rxe2 Bb5 21. Rfe1 Bxe2 22. Rxe2 Nbd7 23. Ne5 Nb6 24. Ne3 Ne4 25.
Kh2 Rad8 26. Nf5 Nd6 27.
Ne7+ Kh8 28. N5c6 Rde8 29. Nxb4 Nbc8 30. Nbc6 Nf5 31. d6 Nfxd6 32. g4 Nxe7 33. Rxe7 Rxe7 34. Nxe7 Re8 35. Nc6 Re2+ 36. Kg3 a6 37. Ne5 f6 38.
Nf7+ Nxf7 39. Bxf7 0-1

[Event "Open NK Rapid 2025"]
[Site "Helmond, Netherlands"]
[Date "2025.05.03"]
[Round "8.19"]
[White "Roebers, Jan"]
[Black "Van Wamel, Gijs"]
[Result "1-0"]
[TimeControl "15+5"]
[WhiteFideId "1007815"]
[BlackFideId "40102165"]
[WhiteElo "2058"]
[BlackElo "1713"]

1. e4 c5 2. a3 g6 3. b4 Bg7 4. Nc3 b6 5. b5 e6 6. Nf3 Ne7 7. Be2 O-O 8. O-O d5 9. exd5 Nxd5 10.
Bb2 Bb7 11. a4 Nd7 12. Ra3 Nb4 13. Qc1 Qc7 14. Nb1 Nf6 15. Be5 Qd7 16. Qb2 Ne8 17. Bxg7 Nxg7 18. a5 Nf5 19. a6 Bc8 20.
Ng5 Qe7 21. Ne4 e5 22. f4 f6 23. fxe5 fxe5 24. Bc4+ Kg7 25. c3 Nxa6 26. bxa6 Bd7 27. Bb5 Be6 28. Ra1 Qh4 29. Bc6 Ne3 30.
dxe3 Rxf1+ 31. Kxf1 Rf8+ 32. Nf2 Bc4+ 33. Kg1 Rd8 34. Na3 Be6 35. Rf1 Qg5 36. Qe2 Rf8 37. Nc2 h5 38. Ne1 h4 39. Nf3 Qh5 40. c4 g5 41.
Qb2 1-0

[Event "Open NK Rapid 2025"]
[Site "Helmond, Netherlands"]
[Date "2025.05.03"]
[Round "8.20"]
[White "Zhang, Xiheng"]
[Black "Kshirsagar, Pranav"]
[Result "1/2-1/2"]
[TimeControl "15+5"]
[WhiteFideId "40102386"]
[BlackFideId "1084011"]
[WhiteElo "1778"]
[BlackElo "2049"]

1. e4 c6 2. d4 d5 3. exd5 cxd5 4.
c4 Nf6 5. Nc3 Nc6 6. Nf3 Bg4 7. cxd5 Nxd5 8. Qb3 Bxf3 9. gxf3 e6 10.
Qxb7 Ndb4 11. Bb5 Qc8 12. Bxc6+ Nxc6 13. Qxc8+ Rxc8 14. Be3 Be7 15. O-O Bf6 16. d5 Bxc3 17. dxc6 Bxb2 18. Rab1 Be5 19.
Bxa7 Rxc6 20. Rfe1 Bd6 21. Bb8 O-O 22. Bxd6 Rxd6 23. a4 Ra8 24. Rb4 Rd3 25. Reb1 h5 26. Rb8+ Rxb8 27. Rxb8+ Kh7 28. Kg2 g5 29. a5 Ra3 30. Ra8 Kg6 31. a6 Kf5 32. Ra7 f6 33. Ra8 h4 34. h3 e5 35. a7 Ra6 36. Kh2 Ra3 37. Kg2 Ra2 38.
Kg1 Ra6 39. Kg2 Ra3 40. Kg1 Ra1+ 41. Kg2 Ra2 42. Kg1 Ra1+ 43. Kg2 Ra6 44. Kh2 Ra3 45.
Kg2 Ra1 46. Kh2 Ra4 47. Kg1 Ra3 48. Kg2 Ra2 49. Kg1 1/2-1/2

[Event "Open NK Rapid 2025"]
[Site "Helmond, Netherlands"]
[Date "2025.05.03"]
[Round "8.21"]
[White "Van Ravensteijn, Antal"]
[Black "Wilming, Auke"]
[Result "1-0"]
[TimeControl "15+5"]
[WhiteFideId "1060759"]
[BlackFideId "40101096"]
[WhiteElo "2048"]
[BlackElo "1962"]

1. Nf3 Nf6 2. g3 g6 3. Bg2 Bg7 4. O-O O-O 5. c4 c6 6. d4 d5 7. b3 Bf5 8. Nc3 Nbd7 9. Bb2 Rc8 10. Rc1 Re8 11. Re1 Ne4 12. e3 dxc4 13.
bxc4 Qb6 14. Na4 Qa6 15. Nh4 Nd6 16. c5 Nc4 17. Nxf5 gxf5 18. Bf1 Nxb2 19. Nxb2 Qa5 20. Nc4 Qc7 21.
Bd3 e6 22. Nd6 Nf6 23. Nxc8 Rxc8 24. Rb1 b6 25. Ba6 Rd8 26. cxb6 axb6 27. Qb3 b5 28. a4 Ne4 29. Re2 bxa4 30.
Qc4 Qa5 31. Rc2 Nd2 32. Rxd2 Qxd2 33. Qxa4 Qc3 34. Bb7 c5 35. dxc5 Qxc5 36. Rb5 Qc7 37. Bf3 Rb8 38. Rxb8+ Qxb8 39.
Qd7 Bf6 40. Bh5 Qf8 41. Kg2 Qe7 42. Qc8+ Qd8 43. Qb7 Qe7 44. Qa8+ Qf8 45. Qc6 Kg7 46. e4 fxe4 47. Qxe4 Qc5 48.
Bf3 Qe5 49. Qd3 Qd4 50. Qb5 Qb2 51. Qh5 Qe5 52. Qg4+ Qg5 53. Qc4 Qe5 54. h4 Qd4 55. Qc6 Qc3 56. Qe4 Qe5 57. Qg4+ Kh8 58. Be4 Bg7 59. Kh2 f5 60. Qg5 1-0